 Dungeon Crawl Stone Soup version 0.29-a0-453-gf113fcf677 (webtiles) character file.

Game seed: 4709344984820619726

28 Bruhh the Gusty (level 3, -1/24 HPs)
             Began as a Barachi Air Elementalist on May 20, 2022.
             Killed by their own static electricity (3 damage)
             ... on level 2 of the Dungeon.
             The game lasted 00:03:07 (1893 turns).

Bruhh the Gusty (Barachi Air Elementalist)          Turns: 1893, Time: 00:03:08

Health: -1/24      AC:  2    Str:  9    XL:     3   Next: 12%
Magic:  0/6        EV: 12    Int: 17    God:
Gold:   109        SH:  0    Dex: 12    Spells: 3/6 levels left

rFire   . . .      SeeInvis .   (no weapon)
rCold   . . .      Faith    .   (no shield)
rNeg    . . .      Spirit   .   a - +0 robe
rPois   .          Reflect  .   (no helmet)
rElec   .          Harm     .   (no cloak)
rCorr   .          Rampage  .   (no gloves)
Will    .....                   (no boots)
Stlth   ++........              (no amulet)
HPRegen 0.08/turn               (no ring)
MPRegen 0.10/turn               (no ring)

@: slow
A: amphibious, slowness 1, strong legs 1, +LOS
a: Hop


You were on level 2 of the Dungeon.
You visited 1 branch of the dungeon, and saw 3 of its levels.

You collected 109 gold pieces.

Inventory:

Armour
 a - a +0 robe (worn)
Scrolls
 b - 2 scrolls of identify {unknown}
 c - a scroll of amnesia {unknown}
 e - a scroll of immolation {unknown}
 f - a scroll of vulnerability {unknown}
 g - a scroll of teleportation {unknown}
 h - a scroll of poison {unknown}


   Skills:
 - Level 2.1 Dodging
 - Level 1.7 Stealth
 - Level 2.1 Spellcasting
 + Level 2.4 Conjurations
 + Level 4.0 Air Magic


You had 3 spell levels left.
You knew the following spells:

 Your Spells              Type           Power      Damage    Failure   Level
a - Shock                 Conj/Air       48%        1d6       4%          1
b - Static Discharge      Conj/Air       12%        N/A       8%          2

Your spell library contained the following spells:

 Spells                   Type           Power      Damage    Failure   Level
 Swiftness                Air            15%        N/A       11%         3
 Airstrike                Air            7%         N/A       36%         4


Dungeon Overview and Level Annotations

Branches:
Dungeon (3/15)

Altars:

Shops:
D:1 =

Annotations:
D:2 Terence


Innate Abilities, Weirdness & Mutations

You are amphibious.
You cover ground slowly.
You can hop short distances.
You have an extended range of vision and can be seen from far away.


Message History

Terence is nearby!
Terence shouts!
Terence throws a stone.
The stone hits you.
You see here a rat corpse.
You can't see any susceptible monsters within range! (Use Z to cast anyway.)
You can't see any susceptible monsters within range! (Use Z to cast anyway.)
You can't see any susceptible monsters within range! (Use Z to cast anyway.)
You can't see any susceptible monsters within range! (Use Z to cast anyway.) Terence throws a stone.
The stone closely misses you.
You can't see any susceptible monsters within range! (Use Z to cast anyway.) Terence hits you with a +0 flail!
Ouch! That really hurt!
* * * LOW HITPOINT WARNING * * *
You are too injured to fight recklessly!
You are too injured to fight recklessly!
You are too injured to fight recklessly!
You are too injured to fight recklessly!
You are too injured to fight recklessly!
You are too injured to fight recklessly!
You are too injured to fight recklessly!
Casting: Static Discharge (safe; 8% risk of failure)
Confirm with . or Enter, or press ? or * to list all spells.
Terence is struck by an arc of lightning!
Terence is moderately wounded.
You are struck by an arc of lightning.
* * * LOW HITPOINT WARNING * * *
The lightning grounds out.
Terence barely misses you.
Casting: Static Discharge (safe; 8% risk of failure)
Confirm with . or Enter, or press ? or * to list all spells.
Terence is struck by an arc of lightning.
Terence is severely wounded.
You are struck by an arc of lightning.
* * * LOW HITPOINT WARNING * * *
The lightning grounds out.
Terence closely misses you.
Casting: Static Discharge (safe; 8% risk of failure)
Confirm with . or Enter, or press ? or * to list all spells.
Terence is struck by an arc of lightning.
Terence is almost dead.
You are struck by an arc of lightning.
You die...

#..................#
####.....###.########.#
#....<................#
#.##..#+#.##.####.##.##
...#####...##.# #.##.#
#..........###.# #....#
# ..######..##.# ######
##@##.# #@##.# #..#.#
#.#.r[# ##†#.#
#.#...### #.#.#
#....@.. #...#
.###..$.... ##..#
.......... #.>#
......... ##.# #K....#
#(#


You could see Terence.

Vanquished Creatures
  2 dart slugs
  2 endoplasms
  A goblin (D:1)
  2 hobgoblins (D:1)
  3 jackals
  3 ball pythons
  2 bats
  4 frilled lizards
  2 kobolds
  3 rats
24 creatures vanquished.

Notes
Turn   | Place    | Note
-------+----------+-------------------------------------------
     0 | D:1      | Bruhh the Barachi Air Elementalist began the quest for the
                  | Orb.
     0 | D:1      | Reached XP level 1. HP: 13/13 MP: 3/3
    82 | D:1      | Found Podiot's Jewellery Shoppe.
   168 | D:1      | Reached XP level 2. HP: 19/19 MP: 0/5
   360 | D:1      | Found a faded altar of an unknown god.
  1163 | D:2      | Learned a level 2 spell: Static Discharge
  1528 | D:2      | Reached XP level 3. HP: 17/24 MP: 1/6
  1674 | D:2      | Noticed Terence
  1685 | D:2      | Reached skill level 4 in Air Magic
  1698 | D:2      | HP: 1/24 [/static electricity (2)]
  1893 | D:2      | Killed from afar by themself

Illustrated notes

Levels and vault maps discovered:
D:1:      dpeg_arrival_refuge, layout_basic,
          dreamdust_ecumenical_altar_angels_and_demons, serial_shops,
          nicolae_square_shop
D:2:      layout_basic, uniq_terence
D:3:      layout_basic, bloody_makhleb, lemuel_flame_loot_1

Skill      XL: |  1  2  3 |
---------------+----------+-----
Conjurations   | 2 |  2.4
Air Magic      | 4 |  4.0
Dodging        | |  2.1
Stealth        | |  1.7
Spellcasting   | |  2.1

Action                   || total
-------------------------++-------
Melee: Unarmed           ||    14
 Cast: Shock             ||    25
       Static Discharge  ||    12
 Abil: Hop               ||     2
  Use: Potion            ||     3
Armor: Robe              ||    10
Dodge: Dodged            ||    39

Table legend: (Time is in decaauts)
 A = Elapsed time spent in this place.
 B = Non-inter-level travel time spent in this place.
 C = Inter-level travel time spent in this place.
 D = Time resting spent in this place.
 E = Time spent auto-exploring this place.
 F = Levels seen in this place.
 G = Mean time per level.
                   A        B        C        D        E       F      G
               +--------+--------+--------+--------+--------+-----+--------+
         Total |   2086 |   2072 |     14 |    240 |   1609 |   3 |  695.3 |
       Dungeon |   2086 |   2072 |     14 |    240 |   1609 |   3 |  695.3 |
               +--------+--------+--------+--------+--------+-----+--------+

Top non-repeatable levels by time:
     D:1: 1476 daAuts
     D:2: 522 daAuts
     D:3: 86 daAuts
